Map: Concord LE

Players

Wardi - Winner!

  • Race: Terran Terran
  • Spawn Location: 1:00

Neeb

  • Race: Protoss Protoss
  • League: Master
  • Spawn Location: 7:00

LiquidTLO (TLO)

  • Race: Zerg Zerg
  • League: Master
  • Spawn Location: 3:00

PtitDrogo - Winner!

  • Race: Protoss Protoss
  • League: Master
  • Spawn Location: 12:00

LiquidClem (Clem)

  • Race: Terran Terran
  • Spawn Location: 6:00

evoli

  • Race: Terran Terran
  • Spawn Location: 3:00

Alephnaut

  • Race: Terran Terran
  • League: Master
  • Spawn Location: 6:00

JeXeD

  • Race: Protoss Protoss
  • League: Diamond
  • Spawn Location: 9:00

Event: Shopify TSL 5

VOD

Have the link to the VOD?

Description

Time

  • Played on: June 6, 2020, 10:58 a.m.
  • Length: 22:02
Show
View Real Time Build Order
Export as new Build Order

Wardi Terran - Winner!

Build Orders:  

Get SALT Encoding   

  12  0:01  SCV  
  13  0:14  SCV  
  14  0:17  Supply Depot  
  14  0:26  SCV  
  15  0:29  Refinery  
  15  0:39  SCV  
  16  0:47  Barracks  
  16  0:54  SCV  
  17  1:06  SCV  
  18  1:14  Refinery  
  18  1:18  SCV  
  19  1:20  Barracks  
  19  1:30  SCV  
  20  1:34  Reaper  
  21  1:40  Barracks  
  21  1:44  SCV  
  22  1:54  Supply Depot  
  22  2:05  Orbital Command  
  22  2:09  Reaper  
  23  2:16  Reaper  
  24  2:29  Reaper  
  25  2:31  SCV  
  26  2:39  Supply Depot  
  27  2:44  Reaper  
  27  2:51  Reaper  
  28  3:08  Reaper  
  28  3:09  SCV  
  29  3:17  Supply Depot  
  29  3:23  Reaper  
  29  3:24  Engineering Bay  
  29  3:25  Reaper  
  31  3:29  SCV  
  31  3:33  Factory  
  32  3:41  SCV  
  32  3:44  Reaper  
  32  3:45  Supply Depot  
  34  3:55  Reaper  
  35  3:57  Reaper  
  36  4:22  Factory Tech Lab  
  36  4:26  Starport  
  36  4:27  Reaper  
  36  4:29  Reaper  
  37  4:51  Barracks Tech Lab  
  37  4:54  Command Center  
  37  4:57  Command Center  
  37  5:11  Barracks Reactor  
  37  5:14  Barracks Tech Lab  
  36  5:25  Marauder  
  36  5:26  Stimpack  
  36  5:27  Siege Tank  
  41  5:30  Starport Reactor  
  41  5:31  SCV  
  42  5:39  Marine  
  43  5:44  SCV  
  43  5:47  Marauder  
  47  5:57  SCV  
  47  6:00  Combat Shield, Marine x2  
  49  6:05  Orbital Command  
  49  6:09  SCV, Orbital Command  
  50  6:14  Supply Depot, Terran Infantry Weapons Level 1  
  50  6:19  Marine x2  
  50  6:23  Marine x2  
  50  6:24  SCV  
  55  6:36  SCV  
  55  6:44  Marine x3  
  55  6:45  Siege Tank  
  60  6:55  Orbital Command  
  59  7:06  Marine x2  
  59  7:07  Marauder, Marine  
  63  7:15  Orbital Command  
  63  7:18  Siege Tank  
  63  7:21  Concussive Shells  
  62  7:23  SCV x2  
  62  7:25  Marauder  
  66  7:34  Refinery, Marine x2  
  66  7:35  SCV, Marauder  
  66  7:36  Refinery  
  69  7:53  Marauder  
  69  7:54  SCV x2  
  69  7:57  Barracks  
  73  8:00  Barracks  
  73  8:05  Marine  
  73  8:06  Marauder  
  73  8:09  Medivac x2  
  73  8:10  SCV x2  
  73  8:11  Terran Infantry Armor Level 1  
  82  8:21  Marine  
  82  8:22  Marauder  
  82  8:23  Marine  
  82  8:24  SCV x3  
  89  8:33  Marine  
  90  8:39  Marine  
  91  8:41  Medivac  
  93  8:53  Barracks Reactor  
  93  8:54  Barracks Reactor  
  93  9:03  Missile Turret  
  93  9:14  Missile Turret  
  93  9:19  Missile Turret  
  93  9:24  Factory  
  93  9:45  Supply Depot  
  93  9:48  SCV, Marauder, Marine x5  
  93  9:49  Supply Depot  
  93  9:52  SCV x2  
  101  9:53  Marine  
  101  9:54  Medivac  
  101  9:55  Marauder  
  101  9:58  Siege Tank  
  98  10:00  SCV  
  98  10:04  SCV x2  
  98  10:06  Medivac, Marine x5  
  102  10:10  Marauder  
  102  10:11  Supply Depot  
  102  10:12  SCV  
  105  10:14  Supply Depot, Factory Tech Lab  
  105  10:15  Marine  
  105  10:16  SCV x2  
  108  10:23  Armory  
  108  10:24  SCV, Medivac  
  108  10:26  Engineering Bay  
  108  10:28  SCV  
  112  10:30  Siege Tank  
  112  10:34  Marauder  
  117  10:36  Medivac  
  119  10:43  Command Center  
  119  10:50  Marine x3  
  119  10:54  Viking  
  124  11:05  Viking, Marine, Siege Tank x2  
  124  11:10  Terran Infantry Weapons Level 2  
  133  11:12  Terran Infantry Armor Level 2, Refinery  
  133  11:41  Supply Depot  
  133  11:42  Supply Depot  
  133  11:43  Supply Depot x2  
  133  11:45  Marine x2  
  133  11:47  Marine  
  133  11:54  Marine x5  
  138  12:01  Planetary Fortress  
  138  12:03  Marine  
  138  12:05  Marine  
  138  12:07  SCV x2  
  142  12:23  Terran Vehicle Weapons Level 1  
  142  12:25  Marine x3  
  136  12:31  Marine x4  
  136  12:32  Marauder  
  136  12:33  Liberator x2, Siege Tank x2  
  154  12:43  Marine x3  
  157  12:50  Marauder  
  159  12:53  Marauder  
  160  13:10  Marine x3  
  160  13:11  Marauder, Siege Tank x2  
  171  13:15  Marauder  
  171  13:16  Supply Depot x2  
  172  13:39  Marine x3  
  172  13:40  Marauder, Marine x3  
  172  13:41  Marauder  
  174  14:13  Marine x3  
  175  14:23  Terran Infantry Weapons Level 3, Barracks, Terran Infantry Armor Level 3  
  175  14:24  Barracks  
  175  14:25  Barracks  
  175  14:27  Command Center  
  175  14:29  Command Center  
  175  14:54  Marine x2  
  175  14:55  Marauder, Marine x2  
  178  15:36  Marine x4  
  178  15:37  Marauder x2  
  178  15:58  Marauder  
  178  16:01  Marine x7  
  178  16:02  Siege Tank x2  
  196  16:06  Liberator x2  
  198  16:16  Refinery  
  198  16:18  Marine  
  198  16:19  Marine  
  198  16:20  Refinery  
  188  16:42  Refinery  
  188  16:48  Marine x2  
  188  16:49  Marine x2, Siege Tank x2  
  198  16:56  Starport x2  
  198  16:57  Starport  
  198  16:58  Starport  
  198  17:13  Terran Vehicle Weapons Level 2  
  178  17:27  Marine  
  178  17:29  Marauder x2  
  183  17:50  Marauder  
Show
View Real Time Build Order
Export as new Build Order

Neeb Protoss 

Build Orders: Colossus Rush 

Get SALT Encoding   

  12  0:10  Probe  
  12  0:14  Pylon  
  13  0:22  Probe  
  14  0:32  Gateway  
  15  0:35  Probe (Chrono Boost)  
  15  0:44  Probe (Chrono Boost)  
  15  0:45  Assimilator  
  16  0:50  Probe  
  17  1:02  Probe  
  18  1:14  Probe  
  19  1:21  Cybernetics Core  
  19  1:26  Probe  
  19  1:27  Pylon, Assimilator  
  20  1:38  Probe  
  21  1:44  Gateway  
  21  1:50  Probe  
  22  1:54  Adept (Chrono Boost)  
  22  1:58  Warp Gate  
  24  2:02  Probe  
  25  2:14  Probe  
  25  2:18  Stalker  
  25  2:19  Robotics Facility  
  27  2:26  Probe  
  28  2:38  Probe, Stalker  
  28  2:41  Pylon  
  31  3:03  Immortal (Chrono Boost)  
  35  3:14  Pylon  
  35  3:15  Robotics Bay  
  35  3:25  Pylon  
  35  3:34  Immortal (Chrono Boost)  
  39  3:50  Zealot  
  39  3:51  Sentry  
  39  3:53  Gateway  
  43  4:09  Shield Battery  
  43  4:16  Warp Prism  
  43  4:17  Gravitic Drive (Chrono Boost)  
  43  4:30  Sentry, Zealot  
  47  4:45  Pylon  
  47  5:01  Colossus (Chrono Boost)  
  47  5:06  Zealot  
  55  5:07  Zealot  
  57  5:22  Adept  
  57  5:25  Pylon  
  59  5:29  Sentry, Zealot  
  63  5:52  Adept x3  
  49  6:24  Stalker x3  
  39  6:25  Colossus (Chrono Boost)  
  31  6:35  Adept x3  
  37  7:00  Extended Thermal Lance  
  36  7:11  Stalker  
  36  7:21  Adept x2  
  36  7:22  Probe  
  40  7:38  Probe  
  40  7:39  Warp Prism (Chrono Boost)  
  43  7:50  Probe  
  43  8:07  Colossus  
  49  8:15  Sentry  
  51  8:21  Nexus  
  51  8:22  Pylon  
  51  8:46  Probe  
  52  8:58  Probe  
  53  9:03  Nexus  
  53  9:10  Probe  
  53  9:15  Pylon  
  54  9:22  Probe  
  55  9:34  Probe  
  56  9:41  Twilight Council  
  56  9:48  Probe  
  57  10:00  Probe (Chrono Boost)  
  59  10:14  Probe (Chrono Boost)  
  59  10:24  Dark Shrine  
  59  10:31  Probe  
  60  10:40  Probe  
  61  10:43  Disruptor (Chrono Boost)  
  64  10:53  Probe  
  56  11:09  Stalker  
  56  11:10  Stalker  
  60  11:11  Probe (Chrono Boost)  
  60  11:13  Assimilator x2  
  59  11:22  Probe (Chrono Boost)  
  59  11:26  Probe (Chrono Boost)  
  59  11:38  Probe  
  59  11:40  Gateway  
  59  11:41  Gateway  
  59  11:42  Dark Templar  
  58  11:50  Probe  
  38  12:02  Probe  
  34  12:09  Pylon  
  34  12:14  Probe (Chrono Boost)  
  29  12:25  Probe (Chrono Boost)  
  29  12:26  Pylon  
  30  12:30  Probe (Chrono Boost)  
  31  12:38  Nexus  
  31  12:40  Probe  
  32  12:52  Probe  
  32  12:53  Pylon  
  33  12:59  Cybernetics Core  
  33  13:04  Probe  
  34  13:17  Probe  
  35  13:29  Probe  
  36  13:34  Pylon  
  36  13:41  Probe  
  37  13:45  Stalker x2  
  41  13:53  Probe  
  42  13:59  Twilight Council  
  42  14:05  Probe  
  42  14:20  Probe  
  42  14:23  Pylon x2  
  43  14:24  Pylon  
  43  14:37  Probe  
  44  14:45  Templar Archives  
  44  15:13  Robotics Facility  
  43  15:22  Stalker x2  
Show
View Real Time Build Order
Export as new Build Order

LiquidTLO Zerg 

Build Orders: Pool First 

Get SALT Encoding   

  12  0:00  Drone  
  13  0:13  Overlord  
  13  0:17  Drone  
  14  0:32  Drone x2  
  16  0:37  Extractor  
  15  0:45  Spawning Pool  
  15  0:49  Drone  
  15  0:52  Drone  
  16  0:57  Drone  
  17  1:10  Drone  
  18  1:26  Hatchery  
  17  1:38  Metabolic Boost  
  17  1:41  Overlord  
  17  1:51  Zergling x4  
  17  1:53  Zergling x2  
  20  2:03  Queen  
  20  2:06  Zergling x2  
  23  2:14  Zergling x2  
  24  2:26  Zergling x2  
  25  2:36  Zergling x2  
  26  2:38  Queen x2  
  26  2:41  Zergling x2  
  31  2:46  Zergling x2  
  31  2:50  Zergling x2  
  33  2:57  Zergling x2  
  34  3:02  Zergling x2  
  34  3:08  Zergling x2  
  34  3:11  Overlord  
  35  3:16  Overlord  
  35  3:20  Overlord  
  35  3:26  Baneling Nest  
  33  3:29  Drone  
  33  3:32  Drone  
  35  3:35  Drone  
  35  3:38  Drone  
  37  3:43  Drone  
  37  3:49  Drone  
  37  3:52  Drone  
  37  3:54  Drone  
  39  3:58  Zergling x2  
  39  3:59  Zergling x2  
  39  4:01  Zergling x2  
  42  4:06  Zergling x2  
  42  4:07  Zergling x2  
  44  4:12  Zergling x2  
  44  4:13  Zergling x2  
  44  4:16  Zergling x2  
  44  4:17  Zergling x2  
  37  4:28  Zergling x4  
  37  4:30  Zergling x2  
  7  5:51  Extractor  
  4  6:43  Hatchery  
  3  7:34  Drone  
  4  8:06  Drone  
  5  8:22  Drone  
  6  8:34  Drone  
  7  8:43  Drone  
  7  8:47  Drone  
  9  8:49  Drone  
  10  9:03  Drone  
  11  9:10  Drone  
  12  9:21  Spawning Pool  
  11  9:26  Drone  
  12  9:32  Drone  
  13  9:42  Drone  
  14  9:53  Drone  
  14  9:55  Drone  
  16  10:10  Queen, Drone  
  19  10:18  Drone  
  20  10:35  Drone  
  21  10:45  Drone  
  21  10:47  Drone  
  22  10:55  Lair  
  21  10:58  Extractor  
  20  11:10  Drone x2  
  22  11:12  Hatchery  
  22  11:18  Drone x2  
  22  11:19  Drone  
  22  11:23  Drone  
  25  11:39  Overlord  
  25  11:42  Drone  
  26  11:54  Infestation Pit  
  26  11:55  Drone x3  
  28  12:01  Drone  
  28  12:07  Queen  
  31  12:13  Overlord  
  31  12:22  Drone  
  32  12:25  Drone  
  32  12:47  Overlord x3  
Show
View Real Time Build Order
Export as new Build Order

PtitDrogo Protoss - Winner!

Build Orders: Carriers 

Get SALT Encoding   

  12  0:01  Probe  
  13  0:13  Probe  
  14  0:19  Pylon  
  14  0:25  Probe  
  15  0:37  Probe (Chrono Boost)  
  15  0:38  Gateway  
  16  0:48  Probe (Chrono Boost)  
  17  0:50  Assimilator  
  17  0:53  Probe (Chrono Boost)  
  17  0:56  Assimilator  
  18  1:03  Probe  
  19  1:09  Gateway  
  19  1:17  Probe  
  20  1:25  Cybernetics Core  
  20  1:29  Probe  
  21  1:36  Pylon  
  21  1:41  Probe  
  22  1:53  Probe  
  23  1:59  Warp Gate (Chrono Boost)  
  18  2:01  Stalker x2  
  27  2:09  Pylon  
  27  2:20  Shield Battery  
  27  2:31  Stalker x2  
  31  2:43  Probe  
  32  2:48  Gateway  
  32  3:01  Stalker  
  34  3:09  Stalker  
  34  3:10  Probe  
  37  3:18  Pylon  
  37  3:29  Probe  
  38  3:39  Stalker  
  40  3:42  Probe  
  40  3:48  Stalker x2  
  45  3:56  Probe  
  45  3:57  Pylon  
  46  4:12  Probe  
  47  4:18  Stalker x3  
  47  4:24  Probe  
  50  4:36  Probe  
  51  4:40  Pylon  
  51  4:48  Probe  
  52  5:00  Probe  
  53  5:12  Probe  
  54  5:24  Probe  
  54  5:25  Nexus  
  55  5:36  Probe  
  55  5:38  Stargate  
  56  5:48  Probe (Chrono Boost), Nexus  
  57  5:59  Probe (Chrono Boost)  
  57  6:03  Nexus  
  57  6:04  Probe (Chrono Boost)  
  59  6:15  Probe (Chrono Boost)  
  60  6:24  Probe (Chrono Boost)  
  61  6:27  Fleet Beacon  
  61  6:29  Probe (Chrono Boost)  
  62  6:37  Probe  
  63  6:41  Probe (Chrono Boost)  
  64  6:49  Probe (Chrono Boost)  
  64  6:50  Assimilator  
  64  6:51  Assimilator  
  64  6:53  Probe (Chrono Boost)  
  66  7:00  Probe (Chrono Boost), Stargate  
  68  7:01  Probe (Chrono Boost)  
  68  7:02  Stargate  
  68  7:05  Probe (Chrono Boost)  
  68  7:06  Probe (Chrono Boost)  
  68  7:07  Probe (Chrono Boost)  
  70  7:12  Forge  
  72  7:19  Probe (Chrono Boost), Protoss Air Weapons Level 1  
  72  7:21  Probe x3 (Chrono Boost)  
  75  7:26  Probe x2 (Chrono Boost)  
  75  7:28  Probe (Chrono Boost)  
  75  7:29  Probe (Chrono Boost)  
  79  7:36  Probe x2  
  81  7:44  Carrier (Chrono Boost)  
  81  8:04  Probe x2  
  95  8:07  Carrier x2 (Chrono Boost), Assimilator  
  95  8:08  Assimilator  
  95  8:09  Pylon  
  92  8:30  Probe  
  91  8:35  Stalker x2, Carrier (Chrono Boost)  
  91  8:38  Probe  
  91  8:40  Probe  
  97  8:42  Stalker  
  97  8:43  Probe  
  106  8:56  Photon Cannon  
  106  9:01  Carrier (Chrono Boost)  
  106  9:02  Pylon  
  106  9:03  Photon Cannon  
  106  9:07  Probe  
  107  9:11  Probe  
  107  9:12  Pylon  
  107  9:15  Twilight Council  
  107  9:16  Probe x2  
  110  9:19  Probe  
  110  9:20  Carrier (Chrono Boost)  
  110  9:23  Probe  
  117  9:28  Probe x2  
  117  9:31  Probe  
  120  9:35  Probe  
  121  9:40  Probe  
  128  9:47  Probe x3  
  128  9:48  Carrier (Chrono Boost)  
  128  9:52  Probe  
  132  10:00  Assimilator  
  132  10:02  Pylon, Assimilator  
  132  10:04  Pylon  
  132  10:05  Pylon  
  132  10:06  Protoss Shields Level 1  
  132  10:10  Dark Shrine  
  132  10:19  Carrier (Chrono Boost)  
  132  10:20  Probe x4  
  136  10:26  Carrier (Chrono Boost)  
  136  10:28  Photon Cannon  
  148  10:30  Mothership  
  148  10:31  Photon Cannon  
  156  10:45  Nexus  
  156  10:47  Pylon  
  156  10:55  Stalker  
  156  11:03  Blink  
  156  11:05  Probe  
  156  11:06  Probe  
  156  11:07  Photon Cannon  
  156  11:11  Probe  
  159  11:23  Pylon x2  
  159  11:31  Probe x3  
  162  11:32  Pylon  
  162  11:33  Pylon  
  162  11:37  Dark Templar  
  162  11:38  Carrier x2 (Chrono Boost)  
  164  11:41  Dark Templar x2  
  180  11:48  Carrier (Chrono Boost), Gateway  
  180  11:49  Gateway  
  180  11:51  Probe x2  
  180  11:52  Shield Battery, Photon Cannon  
  180  11:53  Probe, Protoss Shields Level 2 (Chrono Boost)  
  189  12:03  Probe  
  189  12:04  Probe x2  
  189  12:06  Assimilator x2  
  192  12:21  Probe  
  192  12:22  Probe  
  192  12:24  Probe  
  192  12:25  Probe  
  194  12:31  Probe  
  195  12:42  Stargate  
  193  12:45  Gateway  
  193  12:46  Stargate  
  193  12:47  Gateway x2  
  193  12:48  Stargate  
  193  12:50  Gateway  
  193  12:52  Stargate  
  193  12:53  Stargate  
  193  12:57  Stargate  
  193  12:58  Nexus  
  191  13:00  Pylon  
  191  13:06  Cybernetics Core  
  191  13:09  Protoss Air Weapons Level 2 (Chrono Boost)  
  191  13:14  Pylon  
  191  13:15  Carrier  
  191  13:16  Assimilator  
  191  13:19  Dark Templar  
  199  13:20  Assimilator  
  187  13:41  Carrier x2  
  187  13:44  Templar Archives  
  187  13:47  Photon Cannon  
  199  13:48  Photon Cannon  
  199  13:50  Photon Cannon  
  199  13:52  Photon Cannon  
  199  13:54  Shield Battery  
  199  13:55  Shield Battery  
  199  14:08  Protoss Air Armor Level 1 (Chrono Boost)  
  199  14:09  Photon Cannon  
  199  14:11  Shield Battery  
  199  14:13  Pylon  
  199  14:19  Forge  
  199  14:21  Forge  
  199  14:32  Gateway  
  199  14:34  Gateway x2  
  198  14:42  Stalker  
  199  14:51  Psionic Storm  
  199  15:12  High Templar x2  
  199  15:33  Nexus  
  199  15:46  Nexus  
  199  15:47  High Templar  
  198  15:50  High Templar  
  198  15:54  Photon Cannon  
  198  15:55  Photon Cannon  
  198  15:56  Nexus  
  196  15:57  Photon Cannon  
  196  15:59  Protoss Shields Level 3 (Chrono Boost)  
  196  16:00  Shield Battery  
  193  16:05  Photon Cannon, Nexus  
  193  16:06  Protoss Air Weapons Level 3 (Chrono Boost)  
  193  16:13  Protoss Air Armor Level 2 (Chrono Boost)  
  193  16:14  Nexus  
  193  16:15  High Templar x3  
  197  16:19  Protoss Ground Armor Level 1 (Chrono Boost), Protoss Ground Weapons Level 1 (Chrono Boost)  
  197  16:23  Pylon, Nexus  
  197  16:26  Pylon  
  197  16:27  Pylon  
  197  16:29  Pylon, Nexus  
  197  16:44  Pylon  
  196  16:51  Dark Templar x2  
  200  16:56  Pylon  
  200  17:26  Archon  
  200  17:27  Archon  
  200  17:32  Nexus  
  200  17:34  Assimilator  
  200  17:35  Pylon  
  200  17:37  Assimilator  
Show
View Real Time Build Order
Export as new Build Order

LiquidClem Terran 

Build Orders: 1/1/1, Cyclone Opening 

Get SALT Encoding   

  12  0:01  SCV  
  13  0:13  SCV  
  14  0:17  Supply Depot  
  14  0:25  SCV  
  15  0:30  Refinery  
  15  0:39  SCV  
  16  0:44  Barracks  
  16  0:51  SCV  
  16  0:55  Refinery  
  17  1:03  SCV  
  18  1:15  SCV  
  19  1:32  Reaper, Orbital Command  
  20  1:38  Factory  
  20  1:47  Supply Depot  
  20  1:58  Bunker  
  20  2:01  SCV  
  21  2:09  Barracks Reactor  
  21  2:13  SCV  
  22  2:22  Factory Tech Lab  
  22  2:24  Starport  
  22  2:42  Cyclone  
  22  2:44  SCV  
  26  2:46  Marine x2  
  26  2:50  Supply Depot  
  28  3:02  Medivac  
  30  3:05  Supply Depot  
  30  3:06  Marine  
  30  3:12  Marine  
  32  3:17  SCV  
  33  3:22  Siege Tank  
  33  3:24  Marine  
  37  3:29  Marine  
  37  3:45  Command Center  
  37  3:48  Viking  
  37  3:52  Marine  
  37  3:54  Marine  
  41  3:59  Supply Depot  
  41  4:13  Engineering Bay  
  41  4:15  Siege Tank  
  44  4:23  Supply Depot  
  44  4:28  Marine  
  45  4:32  Starport Tech Lab  
  45  4:33  Marine  
  46  4:45  Missile Turret  
  46  4:54  Marine, Siege Tank  
  46  4:57  Marine  
  51  5:00  SCV  
  52  5:12  SCV  
  52  5:17  Orbital Command  
  52  5:19  Marine x2  
  54  5:31  SCV  
  52  5:43  SCV  
  52  5:48  Starport Reactor  
  53  5:50  Barracks  
  53  5:51  Barracks  
  53  5:52  Siege Tank  
  53  5:54  Marine  
  53  5:55  SCV  
  58  5:57  SCV  
  59  6:10  SCV  
  57  6:11  SCV  
  57  6:12  Marine  
  51  6:22  SCV  
  51  6:23  Orbital Command  
  51  6:24  Siege Tank  
  52  6:30  Marine  
  54  6:36  Engineering Bay  
  54  6:38  Marine  
  53  6:43  SCV  
  53  6:48  Stimpack, Marine  
  53  6:49  Starport Reactor  
  53  6:51  Marine x2  
  56  6:57  Marine  
  56  6:58  SCV x2  
  59  7:02  Marine  
  59  7:06  Marine  
  61  7:10  Supply Depot  
  61  7:11  Terran Infantry Weapons Level 1  
  61  7:12  SCV  
  62  7:20  SCV  
  63  7:23  Marine x2  
  63  7:24  SCV, Marine  
  63  7:26  Marine  
  68  7:31  Supply Depot  
  68  7:32  SCV  
  68  7:33  Supply Depot  
  68  7:36  SCV  
  71  7:38  Marauder  
  71  7:42  Siege Tank  
  71  7:44  Marine  
  71  7:45  SCV  
  71  7:48  SCV  
  71  7:52  Marine x3  
  71  7:55  Refinery  
  71  7:57  SCV  
  75  7:58  Marine  
  75  8:00  SCV  
  77  8:07  Medivac  
  77  8:09  SCV, Marine x2  
  77  8:10  Supply Depot  
  82  8:17  SCV, Supply Depot  
  82  8:18  Marine  
  80  8:20  Marine  
  80  8:21  SCV  
  81  8:27  Marine, Siege Tank  
  81  8:31  SCV, Refinery  
  84  8:34  Combat Shield  
  84  8:35  Marine  
  84  8:36  Marine  
  84  8:37  SCV  
  86  8:44  Supply Depot  
  86  8:52  Command Center  
  86  8:58  SCV, Supply Depot  
  86  8:59  SCV  
  86  9:02  Siege Tank  
  91  9:09  Marauder  
  93  9:14  Terran Infantry Armor Level 1, Barracks  
  93  9:16  SCV x2  
  95  9:19  Marine, Barracks Tech Lab  
  95  9:20  Marine  
  95  9:22  Medivac  
  95  9:23  Medivac  
  101  9:28  Supply Depot  
  101  9:34  SCV x2  
  101  9:35  Supply Depot  
  103  9:39  Siege Tank  
  103  9:42  Supply Depot  
  103  9:44  Marine x2  
  103  9:45  Marauder  
  110  9:54  Marauder  
  110  9:57  Medivac  
  110  9:59  Medivac  
  115  10:00  SCV  
  116  10:08  SCV  
  116  10:10  Marine x2  
  116  10:11  Marine  
  116  10:12  SCV, Marauder, Marine  
  124  10:15  Marine  
  125  10:25  Bunker  
  125  10:26  Orbital Command, Missile Turret  
  125  10:28  Supply Depot  
  125  10:39  Marine  
  125  10:40  Marauder  
  125  10:41  Marauder  
  130  10:44  Marine  
  130  10:45  Marine x2  
  130  10:49  Siege Tank  
  136  10:57  Marine  
  136  11:01  Armory, SCV x2, Engineering Bay  
  139  11:05  Marine  
  139  11:06  Marine x2  
  137  11:15  Liberator x2  
  137  11:16  Marine  
  143  11:25  SCV  
  144  11:26  Refinery x2  
  144  11:27  Marine x2  
  144  11:31  Marauder  
  146  11:36  Sensor Tower  
  146  11:37  Marine  
  147  11:44  Factory  
  150  11:47  Siege Tank  
  150  11:52  SCV, Missile Turret  
  149  12:00  Marauder  
  149  12:01  Marauder  
  153  12:09  Liberator x2  
  153  12:13  Marine x4  
  163  12:21  Marine x2  
  165  12:41  Supply Depot x2  
  165  12:44  Marine x3  
  165  12:45  Marauder x2, Factory Tech Lab  
  165  12:46  Terran Infantry Armor Level 2, Terran Infantry Weapons Level 2  
  172  12:52  SCV  
  172  12:54  SCV x2  
  172  12:58  Supply Depot  
  172  13:10  Sensor Tower  
  172  13:15  Command Center  
  172  13:25  Marine x2  
  172  13:27  Marine  
  179  13:29  Marine  
  179  13:30  Marine  
  179  13:32  Marine  
  183  13:37  Viking x2  
  183  13:39  Thor  
  181  13:50  Thor  
  181  13:53  Marine x3  
  181  13:54  Marine  
  191  14:00  Terran Vehicle Weapons Level 1  
  191  14:08  Marine x2  
  193  14:11  Supply Depot, Marine  
  193  14:13  Marine x2  
  196  14:21  Viking  
  197  14:33  Viking  
  197  14:36  Starport x2  
  199  14:38  Ghost Academy  
  199  14:42  Marine  
  200  15:05  Command Center, Siege Tank  
  200  15:07  Siege Tank  
  197  15:09  Ghost  
  199  15:27  Starport Reactor  
  199  15:32  Planetary Fortress  
  199  15:33  Starport Reactor  
  199  15:46  Terran Infantry Weapons Level 3, Terran Infantry Armor Level 3  
  199  16:12  Command Center x2  
  199  16:15  Missile Turret x2  
  199  16:21  Terran Vehicle And Ship Armor Level 1  
  199  16:37  Enhanced Shockwaves  
  199  16:41  Starport  
  199  16:59  Sensor Tower  
  199  17:01  Missile Turret  
  196  17:10  Viking x3  
  196  17:13  Marine x4  
  196  17:14  Marine, Siege Tank  
  172  17:16  Siege Tank  
  172  17:17  Viking x3  
  172  17:19  Marine  
  120  17:31  Marine  
  120  17:46  Siege Tank  
Show
View Real Time Build Order
Export as new Build Order

evoli Terran 

Build Orders:  

Get SALT Encoding   

  12  0:03  SCV  
  13  0:15  SCV  
  13  0:18  Supply Depot  
  14  0:27  SCV  
  15  0:41  Barracks  
  15  0:44  SCV  
  16  0:56  SCV  
  17  1:02  Refinery  
  17  1:08  SCV  
  18  1:27  Orbital Command  
  18  1:31  Marine  
  19  1:39  Barracks  
  19  1:42  Supply Depot, Barracks  
  19  1:51  Barracks Tech Lab  
  19  1:53  Marine  
  20  1:56  SCV  
  21  2:25  Marine  
  21  2:32  Barracks Reactor, Barracks Tech Lab  
  21  2:42  SCV  
  20  2:55  Marauder  
  20  2:57  Marine  
  21  3:17  Marauder  
  23  3:31  Concussive Shells, Command Center  
  23  3:37  Supply Depot  
  23  3:38  Marauder  
  25  3:45  Marine x2  
  27  3:56  SCV  
  27  3:59  Marauder  
  27  4:02  Supply Depot  
  26  4:10  Marine x3  
  24  4:21  Marauder  
  19  4:28  Marine x3  
  1  5:32  Orbital Command  
  1  6:01  SCV  
  1  6:13  SCV  
  2  6:25  SCV  
  3  6:27  Marine x2  
  3  6:28  Marine  
  6  6:37  SCV  
  7  6:49  SCV  
  7  6:53  Barracks Tech Lab  
  8  7:01  SCV  
  9  7:09  Bunker  
  9  7:13  SCV  
  9  7:15  Marauder  
  12  7:16  Marine x2  
  14  7:25  SCV  
  15  7:38  Barracks Reactor  
  15  7:44  Supply Depot  
  15  7:52  Supply Depot  
  15  8:06  SCV  
  16  8:18  SCV  
  17  8:30  SCV  
  18  8:41  Marauder, Command Center, Marine x2  
  21  8:42  SCV  
  23  8:54  SCV  
  24  9:14  SCV  
  25  9:26  SCV  
  26  9:32  Refinery x2  
  26  9:42  Marine x2  
  28  10:03  SCV x2  
  30  10:16  Orbital Command  
  30  10:29  Barracks Reactor  
  30  10:32  Combat Shield  
  30  10:34  Marine x2  
  32  10:43  SCV x2  
  34  10:55  SCV  
  35  10:59  Bunker  
  35  11:02  Bunker  
  35  11:07  SCV x2  
  37  11:12  Engineering Bay  
  37  11:19  SCV x2  
  39  11:26  Supply Depot  
  39  11:35  SCV x2  
  41  11:42  Terran Infantry Weapons Level 1  
  41  11:46  Missile Turret  
  28  11:54  Marine  
  28  11:55  Marauder, Marine x3  
  34  12:14  SCV x2  
  36  12:26  SCV  
  36  12:27  Marine x3, Factory  
  36  12:28  Marauder, Marine  
  43  12:30  SCV  
  43  12:35  Bunker  
  44  12:37  Bunker  
  44  12:38  SCV  
  45  12:45  Marine  
  45  12:46  SCV  
  45  12:49  Marauder  
  45  12:50  SCV  
  50  12:59  Command Center  
  50  13:10  Marauder, Marine x2  
  50  13:11  Marine  
  51  13:33  Marauder  
  41  14:07  Marine  
  33  14:11  Marine  
Show
View Real Time Build Order
Export as new Build Order

Alephnaut Terran 

Build Orders:  

Get SALT Encoding   

  12  0:01  SCV  
  13  0:13  SCV  
  14  0:24  Supply Depot  
  14  0:25  SCV  
  15  0:31  Refinery  
  15  0:45  SCV  
  15  0:47  Barracks  
  16  0:53  Refinery  
  16  0:58  SCV  
  17  1:10  SCV  
  18  1:22  SCV  
  19  1:35  Reaper  
  19  1:36  Orbital Command  
  20  1:44  Factory  
  20  2:02  SCV  
  21  2:09  Marine  
  21  2:15  SCV  
  23  2:32  Marine  
  23  2:36  Supply Depot  
  22  2:42  Command Center  
  22  2:43  SCV  
  23  2:48  Supply Depot  
  22  2:54  Marine  
  22  2:56  SCV  
  23  3:02  Supply Depot  
  23  3:07  Starport  
  23  3:10  SCV, Hellion  
  26  3:13  Marine  
  27  3:22  SCV  
  28  3:34  SCV  
  28  3:36  Barracks Reactor  
  29  3:41  Factory Tech Lab  
  29  3:44  Viking  
  29  3:46  SCV  
  32  3:53  Orbital Command  
  32  3:54  Supply Depot  
  32  3:58  SCV  
  32  4:00  Siege Tank  
  35  4:10  SCV  
  35  4:13  Barracks  
  35  4:16  Marine  
  37  4:20  Marine  
  37  4:21  SCV  
  37  4:23  SCV  
  40  4:25  Supply Depot  
  40  4:31  Liberator  
  40  4:34  Marine  
  40  4:38  SCV x2  
  46  4:41  Marine  
  47  4:50  SCV x2  
  49  4:56  Marine, Siege Tank  
  53  5:02  SCV  
  53  5:05  Marine  
  53  5:06  SCV  
  57  5:09  Barracks Tech Lab  
  56  5:18  Marine, Liberator  
  61  5:22  SCV  
  61  5:27  Marine x2  
  63  5:30  Stimpack  
  63  5:32  Orbital Command  
  63  5:34  SCV  
  64  5:42  Marine  
  64  5:43  Siege Tank  
  64  5:45  Marine  
  64  5:46  SCV  
  67  5:50  Marine  
  68  5:59  SCV  
  68  6:01  Medivac  
  57  6:16  Marine x3  
  52  6:20  Siege Tank  
  52  6:32  SCV  
  51  6:33  Marine x2, Barracks  
  51  6:34  Marine  
  54  6:41  Starport Reactor  
  54  6:43  SCV  
  54  6:51  Marine  
  54  6:52  SCV  
  56  6:55  Marine x2, Siege Tank  
  56  6:57  SCV  
  62  7:04  SCV  
  62  7:08  Engineering Bay, Barracks  
  63  7:09  SCV  
  63  7:10  Marine  
  63  7:14  Marine  
  63  7:15  Marauder  
  68  7:16  SCV  
  68  7:21  SCV  
  68  7:22  Combat Shield  
  70  7:33  Marine x2  
  70  7:34  SCV, Medivac  
  75  7:38  Marine x2  
  77  7:50  Siege Tank  
  78  7:52  Marine  
  78  7:53  Marine  
  78  7:56  Marine x2  
  78  8:22  Supply Depot x2  
  78  8:23  Terran Infantry Weapons Level 1  
  78  8:26  Supply Depot  
  78  8:43  Marine x4  
  78  8:44  SCV x2, Medivac, Marine  
  78  8:48  Command Center, Refinery  
  87  8:50  Refinery  
  87  8:56  SCV x2  
  87  8:59  Medivac  
  87  9:01  Marine x3  
  94  9:05  Marine x2  
  95  9:19  Marine  
  95  9:20  Marine x2  
  95  9:21  Siege Tank  
  95  9:22  Marine  
  95  9:40  Marine x3  
  95  9:41  Medivac, Marauder  
  95  9:49  Marine  
  92  9:58  Marine x2  
  90  10:02  Marine x2  
  90  10:03  Siege Tank  
  90  10:05  SCV x2  
  97  10:07  Marine  
  97  10:13  Command Center  
  98  10:16  Marine x2  
  98  10:17  SCV  
  98  10:18  Terran Infantry Armor Level 1  
  98  10:20  SCV  
  102  10:24  Marine x2  
  102  10:28  Marine  
  104  10:34  Marine x2  
  107  10:42  Marine x2  
  109  10:44  Siege Tank  
  109  10:46  Marine  
  113  10:51  Marine  
  113  10:52  Marine  
  113  10:53  Starport  
  115  10:59  Marine  
  114  11:08  Marine x2  
  114  11:09  Medivac x2, Marine  
  114  11:10  Marine  
  116  11:17  Marine  
  117  11:26  Marine  
  117  11:27  Marauder, Marine  
  117  11:28  Marine  
  117  11:30  Medivac  
  122  11:35  Marine  
  122  11:36  SCV x2  
  122  11:39  Medivac  
  127  11:40  SCV x2  
  127  11:44  Marine  
  127  11:45  Marine x2  
  132  11:58  SCV, Marine  
  132  11:59  Marauder  
  128  12:01  Marine  
  128  12:07  Marine x2  
  128  12:08  Medivac  
  117  12:16  Marine  
  117  12:22  Marauder, Marine  
  115  12:24  Missile Turret  
  115  12:25  Missile Turret  
  115  12:28  Missile Turret  
  115  12:29  SCV x2  
  117  12:40  Orbital Command  
  117  12:51  Planetary Fortress  
  117  12:52  Missile Turret  
  117  12:57  Missile Turret  
  117  13:05  Missile Turret  
  117  13:08  Supply Depot  
  117  13:25  SCV, Marine  
  114  13:31  Marine  
  114  13:32  Marine x2  
  86  13:43  Missile Turret  
  86  13:48  Marine x2  
  83  13:50  Command Center  
  83  13:52  Viking  
  87  13:56  Viking  
  89  14:05  Marine  
  89  14:06  Marine x4  
  94  14:12  SCV x3  
  97  14:23  Marine  
  98  14:24  SCV  
  98  14:29  Marine x4  
  98  14:30  Viking x2  
  104  14:35  Refinery  
  104  14:36  Refinery  
  104  14:41  Marine  
  104  14:45  Medivac  
  107  14:47  Marine x4  
  111  14:59  Refinery, Marine  
  109  15:04  Viking, Marine  
  109  15:05  Marine x3  
  113  15:17  Marine  
  114  15:22  Marine  
  114  15:28  Starport x3  
  115  15:32  Factory x2  
  115  15:35  Marine x3  
  117  15:36  Viking x2  
  117  15:37  Armory  
  117  15:38  Armory  
  122  15:45  Planetary Fortress  
  122  15:55  Marine  
  122  15:56  Marine x4  
  127  16:14  Command Center  
  127  16:19  Viking  
  127  16:20  Viking x2  
  133  16:38  Viking x2  
  137  16:49  Refinery x2  
  137  16:58  Marine x3  
  137  16:59  Marine  
  140  17:12  Marine  
  140  17:13  Viking  
  140  17:14  Viking  
  137  17:16  Marine x3  
  101  17:26  Marine  
  101  17:27  Viking  
  72  17:30  Marine  
  72  17:34  Marine x2  
Show
View Real Time Build Order
Export as new Build Order

JeXeD Protoss 

Build Orders:  

Get SALT Encoding   

  13  0:13  Pylon  
  12  0:14  Probe  
  14  0:32  Gateway  
  14  0:33  Probe  
  14  0:42  Assimilator  
  14  0:49  Probe  
  15  1:05  Probe  
  16  1:20  Cybernetics Core  
  16  1:22  Probe  
  17  1:27  Assimilator  
  17  1:33  Pylon  
  17  1:34  Probe  
  18  1:41  Gateway  
  18  1:55  Probe, Adept (Chrono Boost)  
  18  1:57  Warp Gate  
  21  2:07  Probe  
  22  2:13  Gateway  
  22  2:21  Robotics Facility  
  22  2:25  Probe  
  23  2:32  Adept (Chrono Boost)  
  23  2:34  Adept (Chrono Boost)  
  27  2:48  Pylon  
  27  2:51  Probe  
  28  3:06  Immortal (Chrono Boost)  
  32  3:27  Stalker  
  33  3:46  Immortal  
  37  3:53  Probe, Pylon  
  38  4:06  Probe  
  35  4:23  Probe  
  36  4:31  Stalker  
  38  4:44  Stalker  
  40  4:55  Probe, Immortal (Chrono Boost)  
  45  5:18  Stalker  
  47  5:21  Pylon  
  47  5:25  Robotics Bay  
  47  5:51  Stalker, Shield Battery  
  49  6:01  Warp Prism (Chrono Boost)  
  23  6:41  Disruptor (Chrono Boost)  
  26  6:47  Stalker x2  
  26  6:48  Stalker  
  33  6:54  Probe  
  32  7:32  Probe  
  33  7:44  Probe  
  34  7:56  Probe  
  34  8:09  Adept x3  
  34  8:10  Probe  
  41  8:13  Immortal (Chrono Boost)  
  45  8:22  Probe  
  44  8:51  Nexus  
  44  8:53  Stalker x3  
  44  8:54  Probe  
  51  9:02  Pylon  
  45  9:07  Observer  
  46  9:12  Probe  
  47  9:28  Probe  
  48  9:34  Twilight Council  
  48  9:37  Forge  
  47  9:53  Stalker x3  
  53  10:28  Nexus  
  53  10:29  Pylon  
  53  10:39  Pylon  
  48  11:22  Shield Battery  
  44  11:47  Pylon  
  44  11:49  Pylon  
  29  12:13  Zealot  
  24  12:54  Templar Archives  
  24  13:04  Protoss Ground Weapons Level 1 (Chrono Boost)  
  24  13:24  Gateway  
  24  13:27  Gateway  
  24  13:28  Cybernetics Core  
  24  13:31  Gateway  
  24  13:42  High Templar  
  26  14:03  Psionic Storm  
  26  14:16  High Templar  
  28  14:24  High Templar  
  28  14:30  Archon  
  30  14:32  High Templar  
  30  14:33  High Templar  
  34  14:56  High Templar  
  36  15:05  Archon x2  
Tags
 
Add a new tag
Caveats
  • Supply blocks, unpowered buildings, or Contaminate may cause inaccurate times.
  • Supply counts are checked every 10 seconds.